Map: Catalyst LE

Players

SamirLugel - Winner!

  • Race: Terran Terran
  • Spawn Location: 5:00

A.I. 1 (Elite)

  • Race: Zerg Zerg
  • Spawn Location: 11:00

VOD

Have the link to the VOD?

Description

Rax rush

Time

  • Played on: Feb. 2, 2018, 10:18 p.m.
  • Length: 9:48
Show
View Real Time Build Order
Export as new Build Order

SamirLugel Terran - Winner!

Build Orders:  

Get SALT Encoding   

  12  0:01  SCV  
  13  0:13  SCV  
  14  0:20  Supply Depot  
  14  0:27  Refinery  
  14  0:29  SCV  
  15  0:45  Barracks  
  15  0:47  SCV  
  16  1:00  SCV, Supply Depot  
  17  1:12  SCV  
  18  1:25  Barracks  
  18  1:31  SCV  
  19  1:34  Barracks Tech Lab  
  19  1:39  Barracks  
  19  1:43  SCV  
  20  1:58  Combat Shields  
  20  1:59  Marine  
  21  2:03  SCV  
  22  2:14  Barracks Reactor  
  22  2:16  Supply Depot  
  22  2:24  Marauder  
  22  2:29  Marine  
  25  2:45  Marine  
  25  2:48  Barracks Reactor  
  26  2:53  Marine x2  
  28  3:03  Marauder  
  30  3:13  Marine x2  
  32  3:22  Concussive Shells  
  32  3:25  Marine x2  
  32  3:26  Marauder  
  36  3:36  Marine x2  
  38  3:45  Command Center  
  38  3:51  Marine  
  38  3:54  Orbital Command  
  39  4:06  Supply Depot  
  39  4:20  Marine  
  39  4:22  Marine  
  39  4:23  Marine  
  39  4:28  Marauder  
  39  4:29  Supply Depot  
  39  4:33  Marine  
  40  4:38  Marine  
  40  4:40  Marine  
  42  4:49  Marauder, Marine  
  42  4:51  Marine  
  46  4:56  Marine  
  46  4:58  SCV  
  48  5:02  Supply Depot  
  48  5:07  Marine  
  48  5:08  Marine  
  48  5:09  Marine  
  48  5:10  SCV  
  50  5:15  Marine  
  51  5:22  SCV  
  51  5:24  Marauder  
  51  5:25  Marine  
  51  5:26  Marine  
  56  5:34  SCV  
  57  5:37  Refinery  
  57  5:38  SCV  
  58  5:44  Supply Depot  
  58  5:47  Marine x2  
  58  5:48  Marine x2  
  62  5:57  Orbital Command  
  62  6:06  Marine x2  
  62  6:07  Supply Depot  
  62  6:08  Marine  
  62  6:11  Marine  
  66  6:42  Marine  
  66  6:43  Marine x4  
  71  6:53  SCV  
  72  6:57  Supply Depot  
  72  6:59  Refinery  
  72  7:01  Marauder  
  72  7:02  Refinery  
  72  7:05  SCV  
  74  7:09  Factory  
  74  7:18  SCV  
  75  7:26  Marine x4  
  75  7:27  Marauder  
  81  7:30  SCV  
  81  7:42  SCV  
  82  7:50  Marine x4  
  86  7:53  Marine  
  86  7:54  SCV  
  86  8:06  SCV  
  86  8:07  Factory Tech Lab, Marine  
  86  8:09  Starport  
  86  8:11  Marauder  
  90  8:18  SCV  
  91  8:30  SCV  
  90  8:42  SCV  
  90  8:46  Starport Reactor  
  91  8:54  SCV  
  92  8:57  Command Center  
  92  9:06  SCV  
Show
View Real Time Build Order
Export as new Build Order

A.I. 1 (Elite) Zerg 

Build Orders: Pool First 

Get SALT Encoding   

  12  0:00  Drone  
  13  0:12  Overlord  
  13  0:17  Drone  
  14  0:31  Drone x2  
  14  0:34  Drone  
  17  0:47  Spawning Pool  
  17  0:50  Drone  
  17  1:12  Hatchery  
  17  1:15  Drone  
  17  1:18  Extractor  
  16  1:20  Drone  
  16  1:25  Extractor  
  16  1:26  Drone  
  16  1:31  Drone  
  18  1:38  Drone  
  19  1:49  Overlord  
  19  1:57  Queen  
  21  2:03  Zergling x2  
  22  2:11  Drone  
  23  2:24  Queen  
  25  2:32  Drone  
  25  2:37  Drone  
  27  2:41  Drone  
  28  2:47  Drone  
  29  3:01  Roach Warren  
  29  3:03  Drone  
  29  3:06  Drone  
  29  3:09  Zergling x2  
  29  3:12  Zergling x2  
  32  3:19  Overlord  
  32  3:22  Drone  
  32  3:25  Drone  
  34  3:42  Roach x2  
  34  3:44  Roach x2  
  42  3:50  Lair  
  42  3:54  Overlord  
  42  3:59  Overlord  
  42  4:04  Zergling x2  
  42  4:06  Zergling x2  
  44  4:13  Zergling x2, Drone x2  
  44  4:16  Drone  
  48  4:18  Drone  
  48  4:21  Zergling x2  
  48  4:24  Zergling x2  
  49  4:27  Roach  
  49  4:31  Roach  
  45  4:35  Roach  
  45  4:38  Roach  
  49  4:40  Zergling x2  
  49  4:42  Zergling x2  
  49  4:44  Zergling x2  
  47  4:46  Zergling x2  
  47  4:51  Overlord  
  47  4:52  Zergling x2  
  49  4:56  Roach  
  49  4:58  Drone  
  50  5:02  Overlord  
  47  5:09  Roach x2  
  47  5:12  Roach  
  47  5:14  Zergling x2  
  46  5:17  Roach  
  46  5:19  Zergling x2  
  48  5:22  Roach  
  48  5:25  Roach  
  50  5:29  Overlord  
  50  5:36  Hydralisk Den  
  50  5:40  Zergling x2  
  45  5:43  Roach  
  45  5:46  Zergling x2  
  45  5:49  Roach  
  43  5:52  Roach  
  43  5:55  Roach  
  45  5:58  Roach  
  45  6:02  Roach  
  49  6:04  Drone  
  49  6:05  Hydralisk  
  49  6:08  Overlord  
  49  6:10  Zergling x2  
  51  6:13  Zergling x2  
  51  6:16  Hydralisk  
  47  6:26  Drone  
  47  6:27  Roach  
  47  6:28  Overlord  
  48  6:32  Roach  
  48  6:37  Drone  
  41  6:41  Drone  
  41  6:46  Drone  
  42  6:52  Drone  
  43  6:57  Zergling x2  
  42  7:01  Drone  
  42  7:07  Zergling x2  
  33  7:12  Roach  
  29  7:17  Roach  
  24  7:23  Roach  
  21  8:02  Zergling x2, Drone  
  21  8:03  Zergling x2  
  18  8:37  Overlord  
  15  9:20  Overlord  
Tags
 
Matchup
TvZ
Opening
Pool First
Spawn Locations
Cross Positions
Add a new tag
Caveats
  • Supply blocks, unpowered buildings, or Contaminate may cause inaccurate times.
  • Supply counts are checked every 10 seconds.